 Dungeon Crawl Stone Soup version 0.31-a0-237-g2d982f9f85 (webtiles) character file.

Game seed: 6152474979753489487

828 IdlyInterested the Trooper (level 7, -6/58 HPs)
             Began as a Demonspawn Gladiator on July 7, 2023.
             Mangled by a wyvern (8 damage)
             ... on level 5 of the Dungeon on July 11, 2023.
             The game lasted 00:09:39 (4440 turns).

IdlyInterested the Trooper (Demonspawn Gladiator)   Turns: 4440, Time: 00:09:40

Health: -6/58      AC:  9    Str: 16    XL:     7   Next: 64%
Magic:  16/16      EV: 11    Int:  9    God:
Gold:   224        SH:  0    Dex: 15    Spells: 6/6 levels left

rFire   + . .        a - +0 flail
rCold   . . .        (no shield)
rNeg    . . .        u - +0 ring mail {rF+}
rPois   .            c - +0 helmet
rElec   .            (no cloak)
rCorr   .            (no gloves)
SInv    .            l - +0 pair of boots
Will    .....        (no amulet)
Stlth   +            i - ring of magical power
HPRegen 0.29/turn    (no ring)
MPRegen 0.15/turn

%: no passive effects
@: mighty
A: spiny 2, sharp scales 2, demonic magic 1
a: no special abilities


You were on level 5 of the Dungeon.
You visited 1 branch of the dungeon, and saw 5 of its levels.

You collected 224 gold pieces.

Inventory:

Hand Weapons
 a - a +0 flail (weapon)
Missiles
 d - 3 throwing nets
 e - a javelin
 f - 40 stones (quivered)
 q - 7 poisoned darts
 r - 2 boomerangs
Armour
 b - a +0 leather armour
 c - a +0 helmet (worn)
 l - a +0 pair of boots (worn)
 u - a +0 ring mail of fire resistance (worn)
Magical Staves
 m - a staff of air
Jewellery
 i - a ring of magical power (left hand)
Scrolls
 g - a scroll of blinking
 k - a scroll of enchant weapon {unknown}
 s - a scroll of enchant armour {unknown}
 t - a scroll of amnesia {unknown}
 v - 2 scrolls of teleportation
 w - a scroll of summoning {unknown}
Potions
 p - a potion of attraction


   Skills:
 * Level 6.2 Fighting
 - Level 4.1 Maces & Flails
 - Level 2.0 Throwing
 - Level 3.0 Armour
 - Level 3.0 Dodging
 * Level 1.9 Stealth
 - Level 2.0 Evocations


You had 6 spell levels left.
You didn't know any spells.
Your spell library contained the following spells:

 Spells                   Type           Power      Damage    Failure   Level
 Ignite Poison            Fire/Tmut/Pois 0%         N/A       92%         3
 Summon Guardian Golem    Hex/Summ       0%         N/A       92%         3
 Sticky Flame             Conj/Fire      0%         2d3       100%        4
 Orb of Destruction       Conj           0%         9d5       100%        7
 Spellforged Servitor     Conj/Summ      0%         N/A       100%        7
 Ignition                 Fire           0%         3d3       100%        8


Dungeon Overview and Level Annotations

Branches:
Dungeon (5/15)
 Temple: D:4-7

Altars:


Innate Abilities, Weirdness & Mutations

You are mostly covered in sharp spines.
You are mostly covered in razor-sharp scales. (AC +2, Slay +2)
Spells you cast may paralyse adjacent enemies.


Message History

* * * LOW HITPOINT WARNING * * *
The water moccasin is struck by your spines.
The water moccasin bites you.
* * * LOW HITPOINT WARNING * * *
You miss the water moccasin.
The water moccasin is almost dead.
The water moccasin is struck by your spines.
You kill the water moccasin!
The orc closely misses you.
Okay, then.
You closely miss the orc.
The orc is almost dead.
The black bear bites you but does no damage.
The black bear closely misses you.
The black bear claws you but does no damage.
The orc hits you but does no damage.
The black bear bites you but does no damage.
The black bear claws you.
* * * LOW HITPOINT WARNING * * *
The black bear claws you but does no damage.
The orc hits you but does no damage.
You barely miss the orc.
The orc is almost dead.
The black bear is struck by your spines.
The black bear bites you but does no damage.
The black bear closely misses you. x2; The orc hits you but does no damage.
Unknown command.
You hit the black bear.
The black bear is heavily wounded.
The black bear bites you but does no damage.
The black bear claws you but does no damage.
The black bear barely misses you. The orc hits you but does no damage.
You sock the black bear!
The black bear is almost dead.
The black bear goes berserk!
The orc is struck by your spines.
You kill the orc!
You sock the black bear!
You kill the black bear!
The wyvern bites you!
You die...

#...##.....####
###..###.....#
#..........###
#....###.###....#
...#.#.....#.....
##
#.#.....#..#.##
#...!)....##.#
#.#..)).#.#
...#..@..#... #.#
###l### #.# ..
.J. .. .8.8.
...8... .#.8.8.#.
.##.....#⌠. .#
###.### #.


You could see a wyvern and a jelly.

Vanquished Creatures
  Edmund (D:5)
  A water moccasin (D:5)
  A sky beast (D:4)
  A black bear (D:5)
  A phantom (D:5)
  3 scorpions (D:5)
  2 hounds (D:5)
  An iguana (D:4)
  Jessica (D:3)
  6 adders
  A shadow imp (D:3)
  An ufetubus (D:5)
  2 worms
  An orc (D:5)
  7 bats
  7 endoplasms
  4 giant cockroaches
  4 goblins
  2 hobgoblins
  8 jackals
  10 kobolds
  5 quokkas
  6 ball pythons
  2 frilled lizards (D:1)
  6 rats
84 creatures vanquished.

Notes
Turn   | Place    | Note
-------+----------+-------------------------------------------
     0 | D:1      | IdlyInterested the Demonspawn Gladiator began the quest for
                  | the Orb.
     0 | D:1      | Reached XP level 1. HP: 16/16 MP: 1/1
    65 | D:1      | Gained mutation: You are partially covered in sharp spines.
                  | [demonic ancestry]
    65 | D:1      | Reached XP level 2. HP: 5/22 MP: 2/2
   135 | D:1      | Reached skill level 1 in Stealth
  1036 | D:2      | Reached skill level 1 in Evocations
  1036 | D:2      | Gained mutation: You are mostly covered in sharp spines.
                  | [demonic ancestry]
  1036 | D:2      | Reached XP level 3. HP: 28/28 MP: 3/3
  1200 | D:2      | Reached skill level 3 in Fighting
  1557 | D:2      | Found a faded altar of an unknown god.
  2021 | D:2      | Upgraded the game from 0.31-a0-233-g139696dc86 to
                  | 0.31-a0-237-g2d982f9f85
  2342 | D:3      | Gained mutation: You are partially covered in razor-sharp
                  | scales. (AC +1, Slay +1) [demonic ancestry]
  2342 | D:3      | Reached XP level 4. HP: 35/35 MP: 4/4
  2428 | D:3      | Noticed Jessica
  2434 | D:3      | Killed Jessica
  2903 | D:4      | Reached skill level 1 in Armour
  2903 | D:4      | Gained mutation: You are mostly covered in razor-sharp
                  | scales. (AC +2, Slay +2) [demonic ancestry]
  2903 | D:4      | Reached XP level 5. HP: 42/42 MP: 5/5
  3102 | D:4      | Noticed a sky beast
  3110 | D:4      | Killed a sky beast
  3111 | D:4      | Reached skill level 4 in Fighting
  3359 | D:4      | Reached XP level 6. HP: 47/49 MP: 6/6
  4123 | D:5      | Entered Level 5 of the Dungeon
  4142 | D:5      | Reached skill level 5 in Fighting
  4359 | D:5      | Gained mutation: Spells you cast may paralyse adjacent
                  | enemies. [demonic ancestry]
  4359 | D:5      | Reached XP level 7. HP: 45/56 MP: 7/7
  4410 | D:5      | Noticed Edmund
  4413 | D:5      | Noticed a wyvern
  4431 | D:5      | Killed Edmund
  4432 | D:5      | Reached skill level 6 in Fighting
  4434 | D:5      | HP: 1/58 [water moccasin (2)]
  4440 | D:5      | Mangled by a wyvern

Illustrated notes

Levels and vault maps discovered:
D:1:      amcnicky_arrival_wind_blow, layout_loops_ring,
          minmay_misc_feat_nine_boxes
D:2:      minmay_angry_zag, layout_loops_corners,
          shapermc_ecumenical_altar_flowoftime
D:3:      layout_loops_ring, uniq_jessica
D:4:      layout_layer_cave
D:5:      layout_loops_ring, fedhas_altar_4, lemuel_doored_altar,
          temple_doors_cd, minmay_chambers_of_fives, uniq_edmund

Skill      XL: |  1  2  3  4  5  6  7 |
---------------+----------------------+-----
Stealth        | 1 |  1.9
Maces & Flails | 3 4 |  4.1
Evocations     | 1 2 |  2.0
Fighting       | 3 4 5 6 |  6.2
Throwing       | 2 |  2.0
Dodging        | 3 |  3.0
Armour         | 1 2 3 |  3.0

Action                     |  1- 3 |  4- 6 |  7- 9 || total
---------------------------+-------+-------+-------++-------
  Melee: Flail             |    88 |    64 |    26 ||   178
         Punch             |     2 |       |     2 ||     4
  Throw: Stone             |       |     3 |       ||     3
    Use: Scroll            |     1 |     3 |       ||     4
         Potion            |     1 |     2 |     2 ||     5
   Stab: Sleeping          |     1 |     2 |       ||     3
 Armour: Leather armour    |    25 |    12 |       ||    37
         Ring mail         |       |    12 |    19 ||    31
  Dodge: Dodged            |    35 |    32 |    18 ||    85

Table legend: (Time is in decaauts)
 A = Elapsed time spent in this place.
 B = Non-inter-level travel time spent in this place.
 C = Inter-level travel time spent in this place.
 D = Time resting spent in this place.
 E = Time spent auto-exploring this place.
 F = Levels seen in this place.
 G = Mean time per level.
                   A        B        C        D        E       F      G
               +--------+--------+--------+--------+--------+-----+--------+
         Total |   4481 |   3948 |    533 |    228 |   2931 |   5 |  896.2 |
       Dungeon |   4481 |   3948 |    533 |    228 |   2931 |   5 |  896.2 |
               +--------+--------+--------+--------+--------+-----+--------+

Top non-repeatable levels by time:
     D:2: 1242 daAuts
     D:4: 1241 daAuts
     D:1: 1043 daAuts
     D:3: 656 daAuts
     D:5: 297 daAuts
